Map: Lerilak Crest

Players

Acabassist - Winner!

  • Race: Protoss Protoss
  • League: Silver

Manta

  • Race: Zerg Zerg
  • League: Silver

VOD

Have the link to the VOD?

Description

Time

  • Played on: Feb. 14, 2016, 7:43 p.m.
  • Length: 10:14
Show
View Real Time Build Order
Export as new Build Order

Acabassist Protoss - Winner!

Build Orders:  

Get SALT Encoding   

  12  0:01  Probe (Chrono Boost)  
  13  0:12  Probe (Chrono Boost)  
  14  0:20  Pylon  
  14  0:23  Probe (Chrono Boost)  
  15  0:39  Gateway, Probe (Chrono Boost)  
  16  0:48  Assimilator  
  16  0:49  Probe (Chrono Boost)  
  17  1:00  Probe (Chrono Boost)  
  18  1:10  Probe (Chrono Boost)  
  19  1:21  Probe (Chrono Boost)  
  20  1:31  Cybernetics Core  
  20  1:32  Gateway, Probe (Chrono Boost)  
  21  1:38  Assimilator  
  21  1:42  Probe (Chrono Boost)  
  22  1:54  Probe  
  22  1:58  Warp Gate (Chrono Boost)  
  22  1:59  Pylon  
  23  2:10  Pylon  
  23  2:13  Pylon  
  23  2:17  Probe  
  23  2:20  Zealot (Chrono Boost)  
  26  2:26  Zealot (Chrono Boost)  
  28  2:34  Forge  
  28  2:56  Nexus  
  32  3:21  Protoss Ground Weapons Level 1 (Chrono Boost)  
  32  3:22  Zealot (Chrono Boost)  
  32  3:23  Zealot (Chrono Boost)  
  32  3:31  Robotics Facility  
  32  3:57  Gateway  
  28  4:07  Pylon  
  28  4:10  Pylon  
  28  4:12  Probe  
  28  4:13  Pylon  
  29  4:22  Probe  
  30  4:24  Zealot x2  
  34  4:33  Probe  
  35  4:42  Twilight Council  
  35  4:43  Probe  
  36  4:46  Zealot x2  
  40  4:54  Probe  
  41  5:03  Probe  
  41  5:05  Assimilator  
  42  5:08  Zealot x2  
  42  5:10  Assimilator  
  46  5:15  Probe  
  46  5:19  Pylon  
  47  5:25  Charge (Chrono Boost)  
  47  5:27  Probe  
  48  5:30  Probe  
  49  5:39  Probe  
  49  5:41  Probe  
  51  5:50  Zealot x2  
  51  5:51  Probe, Zealot  
  51  5:52  Probe  
  57  6:02  Probe  
  58  6:30  Zealot x3  
  60  6:52  Stalker x3  
  62  7:03  Gateway x2  
  62  7:05  Gateway  
  62  7:07  Gateway  
  62  7:13  Stargate  
  62  7:17  Stalker x3  
  68  7:51  Stalker  
  68  7:52  Stalker  
  54  8:21  Stalker x4  
  54  8:22  Stalker x3  
  68  8:36  Phoenix  
  70  8:56  Stalker  
  70  8:57  Stalker x5  
  70  8:58  Stalker  
  84  9:11  Pylon  
  84  9:15  Pylon  
  84  9:26  Phoenix  
  84  9:30  Stalker x2  
  84  9:31  Stalker x3  
  84  10:12  Stalker x2  
  84  10:13  Stalker x5  
Show
View Real Time Build Order
Export as new Build Order

Manta Zerg 

Build Orders: Hatch First 

Get SALT Encoding   

  12  0:02  Drone  
  13  0:13  Overlord  
  13  0:19  Drone  
  14  0:31  Drone  
  14  0:32  Drone  
  16  0:36  Drone  
  17  1:00  Drone  
  17  1:01  Drone, Hatchery  
  18  1:07  Extractor  
  17  1:18  Spawning Pool  
  16  1:28  Drone x2  
  16  1:32  Drone  
  19  1:40  Overlord  
  19  2:06  Zergling x4  
  21  2:12  Zergling x2  
  21  2:13  Queen  
  21  2:15  Metabolic Boost  
  24  2:18  Drone, Queen  
  27  2:23  Drone  
  27  2:25  Drone  
  29  2:41  Drone x2, Extractor  
  30  2:59  Drone x2  
  30  3:01  Drone  
  30  3:02  Drone  
  32  3:16  Lair  
  32  3:21  Zergling x4  
  32  3:22  Zergling x2  
  32  3:25  Spore Crawler  
  34  3:29  Drone  
  34  3:32  Spore Crawler  
  34  3:35  Drone  
  35  3:43  Overlord  
  35  3:44  Hatchery  
  35  3:47  Pneumatized Carapace  
  33  4:08  Drone x6  
  33  4:09  Spine Crawler  
  38  4:16  Overlord  
  38  4:30  Drone x2  
  38  4:31  Drone x3  
  43  4:41  Overlord  
  43  4:42  Spire  
  42  4:48  Queen  
  44  4:57  Drone x3  
  44  4:58  Drone x3  
  50  5:02  Overlord  
  50  5:09  Drone  
  51  5:18  Drone x3  
  51  5:19  Drone x2  
  51  5:20  Extractor  
  55  5:23  Extractor  
  54  5:35  Overlord  
  54  5:49  Drone  
  56  5:50  Drone x4  
  56  5:51  Drone x3  
  56  5:52  Drone  
  56  5:54  Drone  
  56  5:56  Overlord  
  61  5:58  Overlord  
  61  6:06  Mutalisk x6  
  69  6:25  Drone x3  
  67  6:56  Drone, Extractor  
  67  6:57  Drone x6  
  67  6:58  Drone, Extractor  
  73  7:11  Zerg Flyer Weapons Level 1  
  73  7:26  Drone x2, Hatchery  
  73  7:27  Drone x2  
  76  7:42  Drone x3  
  76  7:43  Drone  
  76  7:44  Drone  
  83  7:45  Mutalisk x2  
  83  7:46  Mutalisk x4  
  95  7:52  Queen  
  95  7:57  Hatchery  
  96  8:06  Mutalisk  
  96  8:20  Hatchery  
  96  8:21  Overlord x5  
  95  8:37  Queen  
  89  9:13  Overlord x2  
  89  9:18  Mutalisk x4  
  89  9:19  Mutalisk x6  
  89  9:20  Mutalisk  
  111  9:28  Drone  
  111  9:29  Drone x6  
  111  9:31  Overlord x2  
Tags
 
Add a new tag
Caveats
  • Supply blocks, unpowered buildings, or Contaminate may cause inaccurate times.
  • Supply counts are checked every 10 seconds.